 Seeded DCSS version 0.31-a0-1-g4198be8af4 (webtiles) character file.

Game seed: 5077246867388398666 (custom seed)

3929 Mickster the Spear-Bearer (level 10, -3/90 HPs)
             Began as a Hill Orc Berserker on May 2, 2023.
             Was a Priest of Trog.
             Slain by a scorpion (5 damage)
             ... on level 9 of the Dungeon.
             The game lasted 00:58:18 (5924 turns).

Mickster the Spear-Bearer (Hill Orc Berserker)      Turns: 5924, Time: 00:58:19

Health: -3/90      AC: 20    Str: 25    XL:     10   Next: 21%
Magic:  10/10      EV: 12    Int:  7    God:    Trog [***...]
Gold:   213        SH:  9    Dex: 10    Spells: 9/9 levels left

rFire   . . .        t - +5 spear (freeze)
rCold   . . .        L - +0 buckler
rNeg    . . .        p - +0 plate armour
rPois   .            (no helmet)
rElec   .            x - +0 cloak
rCorr   +            D - +2 pair of gloves
SInv    .            d - +1 pair of boots
Will    .....        r - amulet of reflection Stlth
                     z - ring of resist corrosion
HPRegen 0.35/turn    G - +5 ring of evasion
MPRegen 0.12/turn

%: reflection
@: on berserk cooldown
A: no striking features
a: Renounce Religion, Berserk, Trog's Hand


You were on level 9 of the Dungeon.
You worshipped Trog.
Trog was most pleased with you.
You visited 1 branch of the dungeon, and saw 9 of its levels.

You collected 303 gold pieces.
You spent 90 gold pieces at shops.

Inventory:

Hand Weapons
 a - a +0 hand axe
 i - a +0 battleaxe
 m - a +1 hand axe of freezing
 t - a +5 spear of freezing (weapon)
 E - a +1 whip of venom
 F - a +4 short sword
 J - a +1 spear of freezing
 K - a +1 whip of draining
Missiles
 g - 2 atropa-tipped darts (quivered)
 l - 7 boomerangs
 o - 7 stones
 y - 3 javelins
 O - 3 poisoned darts
Armour
 d - a +1 pair of boots (worn)
 p - a +0 plate armour (worn)
 x - a +0 cloak (worn)
 D - a +2 pair of gloves (worn)
 L - a +0 buckler (worn)
Jewellery
 r - an amulet of reflection (around neck)
 z - a ring of resist corrosion (left hand)
 B - a ring of poison resistance
 G - a +5 ring of evasion (right hand)
 Q - a ring of poison resistance
Wands
 h - a wand of paralysis (17)
 H - a wand of mindburst (18)
 R - a wand of polymorph (5)
Scrolls
 f - 2 scrolls of noise
 j - 5 scrolls of teleportation
 n - 4 scrolls of identify
 q - a scroll of butterflies
 s - a scroll of magic mapping
 w - 2 scrolls of blinking {unknown}
 A - a scroll of torment {unknown}
 C - a scroll of enchant armour {unknown}
 I - a scroll of immolation {unknown}
 M - a scroll of vulnerability {unknown}
 N - a scroll of acquirement {unknown}
Potions
 b - 4 potions of curing
 c - 2 potions of might
 e - 4 potions of attraction {unknown}
 k - 2 potions of flight {unknown}
 u - 3 potions of cancellation {unknown}
 v - a potion of heal wounds
Miscellaneous
 P - a phantom mirror


   Skills:
 + Level 8.5 Fighting
 - Level 7.2(10.4) Axes
 * Level 9.8(10.5) Polearms
 + Level 1.9 Throwing
 + Level 7.5 Armour
 + Level 2.4 Dodging
 + Level 1.4 Stealth
 + Level 2.5 Shields


You had 9 spell levels left.
You didn't know any spells.
Your spell library was empty.

Dungeon Overview and Level Annotations

Branches:
Dungeon (9/15)             Temple (0/1) D:5            Lair (0/5) D:9
    Orc: D:9-12

Altars:
Nemelex Xobeh
Sif Muna
Zin

Portals:
Bailey: D:9

Annotations:
D:9 exclusion: orange crystal statue


Message History

* * * LOW HITPOINT WARNING * * *
The scorpion completely misses you.
The scorpion stings you but does no damage.
The scorpion stings you.
* * * LOW HITPOINT WARNING * * *
The scorpion barely misses you.
The electric eel shoots out a bolt of lightning at you!
The bolt of electricity misses you.
The scorpion stings you but does no damage.
The scorpion stings you but does no damage. x2
The scorpion stings you.
* * * LOW HITPOINT WARNING * * *
The electric eel shoots out a bolt of lightning at you!
The bolt of electricity hits you!
* * * LOW HITPOINT WARNING * * *
The scorpion barely misses you.
The electric eel shoots out a bolt of lightning at you!
The bolt of electricity hits you.
* * * LOW HITPOINT WARNING * * *
The scorpion stings you but does no damage.
You turn to flesh and can move again.
You feel sick.
The basilisk hisses menacingly.
The basilisk gazes at you. You resist with some effort.
You feel sick. The scorpion stings you.
* * * LOW HITPOINT WARNING * * *
The scorpion attacks as you move away! The scorpion barely misses you.
You feel sick. The scorpion stings you.
* * * LOW HITPOINT WARNING * * *
You hear the faint creaking of a portcullis nearby.
* * * LOW HITPOINT WARNING * * *
You feel sick.
You are no longer poisoned.
The scorpion barely misses you. You block the scorpion's attack.
You feel yourself speed up. The scorpion attacks as you move away!
The scorpion closely misses you. The scorpion stings you.
You die...

,***** #..................)∩).,*
,** #>..................)..,*
..#* #......................,,
...######................###...,,
.#.<..........................#**
.........................###.##**
........#..................,,,,,,
................##.....####.*****
...............s@........,,,# *
.......$........######.###*** *
≈≈≈.(.....#.....#### *.# *
≈[≈≈......#........# *,*
>.[≈≈.....#........#**,**
...l≈S......###.....#,,,*
≈S?≈≈~.....##*#........,*
≈≈.≈≈.....##*#.....##...*
≈.........#*#..#####*...#


You could see a scorpion.

Vanquished Creatures
  Maurice (D:8)
  A hornet (D:9)
  Prince Ribbit (D:5)
  A steam dragon (D:7)
  5 water moccasins
  A black bear (D:9)
  2 sky beasts (D:7)
  3 ice beasts
  3 ogres
  A phantom (D:6)
  A kobold brigand (D:9)
  5 bullfrogs
  A scorpion (D:4)
  A gnoll sergeant (D:6)
  6 wights
  An electric eel (D:7)
  2 howler monkeys (D:7)
  2 hounds (D:4)
  3 orc priests
  A sleepcap (D:5)
  4 iguanas
  Ijyb (D:5)
  Natasha (twice) (D:3)
  4 orc wizards
  10 gnolls
  5 adders
  A white imp (D:5)
  An ufetubus (D:4)
  2 dart slugs (D:1)
  35 orcs
  4 endoplasms
  11 giant cockroaches
  7 goblins
  7 hobgoblins
  4 jackals (D:3)
  A quokka (D:3)
  8 ball pythons
  3 bats
  A frilled lizard (D:3)
  8 kobolds
  6 rats
167 creatures vanquished.

Vanquished Creatures (others)
  3 plants (D:9)
3 creatures vanquished.

Grand Total: 170 creatures vanquished

Notes
Turn   | Place    | Note
-------+----------+-------------------------------------------
     0 | D:1      | Mickster the Hill Orc Berserker began the quest for the
                  | Orb.
     0 | D:1      | Reached XP level 1. HP: 19/19 MP: 1/1
    34 | D:1      | Reached XP level 2. HP: 4/27 MP: 2/2
   780 | D:1      | Reached XP level 3. HP: 21/33 MP: 3/3
  1059 | D:2      | Reached ** piety under Trog
  1446 | D:3      | Reached skill level 5 in Axes
  1446 | D:3      | Reached XP level 4. HP: 40/40 MP: 4/4
  1471 | D:3      | Noticed Natasha
  1477 | D:3      | Killed Natasha
  1499 | D:3      | Reached XP level 5. HP: 33/47 MP: 5/5
  1634 | D:3      | Reached XP level 6. HP: 44/53 MP: 6/6
  2135 | D:3      | Noticed Natasha
  2140 | D:3      | Killed Natasha
  2278 | D:4      | Reached skill level 5 in Fighting
  2278 | D:4      | Reached skill level 1 in Polearms
  2278 | D:4      | Reached XP level 7. HP: 46/61 MP: 7/7
  2450 | D:4      | Reached skill level 2 in Polearms
  2669 | D:4      | Reached *** piety under Trog
  2835 | D:5      | Entered Level 5 of the Dungeon
  2990 | D:5      | Found a sparkling altar of Nemelex Xobeh.
  2990 | D:5      | Found a shimmering blue altar of Sif Muna.
  3004 | D:5      | Reached skill level 5 in Armour
  3117 | D:5      | Reached skill level 3 in Polearms
  3154 | D:5      | Noticed Prince Ribbit
  3170 | D:5      | Found Zin's Purification Station.
  3194 | D:5      | Killed Prince Ribbit
  3195 | D:5      | Reached skill level 4 in Polearms
  3195 | D:5      | Reached XP level 8. HP: 53/70 MP: 8/8
  3447 | D:5      | Reached skill level 5 in Polearms
  3474 | D:5      | Found a staircase to the Ecumenical Temple.
  3519 | D:5      | Noticed Ijyb
  3540 | D:5      | Killed Ijyb
  3832 | D:5      | Found a glowing silver altar of Zin.
  3836 | D:5      | Bought a potion of curing for 90 gold pieces
  4061 | D:6      | Reached skill level 6 in Polearms
  4105 | D:6      | Reached XP level 9. HP: 78/78 MP: 9/9
  4275 | D:6      | Reached skill level 7 in Polearms
  4354 | D:6      | Reached skill level 1 in Stealth
  4772 | D:7      | Reached skill level 1 in Throwing
  5041 | D:7      | Reached skill level 8 in Polearms
  5074 | D:7      | Reached skill level 1 in Shields
  5331 | D:8      | Noticed Maurice
  5369 | D:8      | Killed Maurice
  5370 | D:8      | Reached skill level 9 in Polearms
  5556 | D:8      | Reached XP level 10. HP: 88/88 MP: 10/10
  5753 | D:9      | Noticed an orange crystal statue
  5825 | D:9      | Found a flagged portal.
  5891 | D:9      | Paralysed by a hornet for 2 turns
  5920 | D:9      | HP: 4/90 [poisoned by a hornet]
  5921 | D:9      | HP: 1/90 [poisoned by a hornet]
  5924 | D:9      | Slain by a scorpion

Illustrated notes

Levels and vault maps discovered:
D:1:      scummos_arrival_simple_fountains, layout_basic, serial_shops,
          nicolae_shop_tiny_statue_garden, chequers_serial_rivers_small_a,
          hangedman_feature_mirror, minmay_misc_feat_x
D:2:      minmay_roachtagon, layout_basic, minmay_crystal_room, nrook_campfire,
          uniq_jessica
D:3:      layout_loops_ring, wad_floor_pattern_2, uniq_natasha
D:4:      layout_cave_pods, gammafunk_ghost_smash, st_stairs_6,
          kennysheep_doodads
D:5:      layout_basic, mainiacjoe_overflow_divided_tiny, zin_purify,
          minmay_temple_entry_stoned_glass, goddamned_bats, uniq_prince_ribbit1,
          uniq_ijyb
D:6:      minmay_recursive_quarters, layout_cave_pools
D:7:      cheibrodos_quashed, layout_basic, nicolae_ru_the_path_less_chosen,
          minmay_crystal_water
D:8:      layout_gridville, uniq_maurice
D:9:      layout_rooms, kennysheep_slug_shrine, grunt_dithmenos_shadows,
          grunt_lair_entry_orc_guard_hut, enter_bailey_2, minivault_16,
          disabler_island

Skill      XL: |  1  2  3  4  5  6  7  8  9 10 |
---------------+-------------------------------+-----
Fighting       | 4 5 6 8 |  8.5
Dodging        | 2 |  2.4
Axes           | 5 6 7 |  7.2
Armour         | 3 4 5 6 7 |  7.5
Polearms       | 1 4 6 9 |  9.8
Stealth        | 1 |  1.4
Throwing       | 1 |  1.9
Shields        | 1 2 |  2.5

Action                     |  1- 3 |  4- 6 |  7- 9 | 10-12 || total
---------------------------+-------+-------+-------+-------++-------
  Melee: Hand axe          |    69 |       |       |       ||    69
         Battleaxe         |    42 |   102 |       |       ||   144
         Spear             |       |    25 |   315 |    44 ||   384
  Throw: Boomerang         |       |       |    14 |       ||    14
 Invoke: Berserk           |     1 |     3 |     9 |     2 ||    15
         Trog's Hand       |       |     2 |     5 |     1 ||     8
    Use: Potion            |     3 |       |       |       ||     3
         Scroll            |     2 |       |     3 |     1 ||     6
   Stab: Sleeping          |     1 |       |       |       ||     1
 Armour: Animal skin       |    40 |       |       |       ||    40
         Plate armour      |    24 |   134 |   148 |    51 ||   357
  Dodge: Dodged            |    77 |    58 |    85 |    25 ||   245
  Block: Buckler           |       |       |    40 |    32 ||    72

Table legend: (Time is in decaauts)
 A = Elapsed time spent in this place.
 B = Non-inter-level travel time spent in this place.
 C = Inter-level travel time spent in this place.
 D = Time resting spent in this place.
 E = Time spent auto-exploring this place.
 F = Levels seen in this place.
 G = Mean time per level.
                   A        B        C        D        E       F      G
               +--------+--------+--------+--------+--------+-----+--------+
         Total |   6017 |   5463 |    554 |   1014 |      0 |   9 |  668.6 |
       Dungeon |   6017 |   5463 |    554 |   1014 |      0 |   9 |  668.6 |
               +--------+--------+--------+--------+--------+-----+--------+

Top non-repeatable levels by time:
     D:5: 1161 daAuts
     D:3: 1134 daAuts
     D:1: 946 daAuts
     D:6: 647 daAuts
     D:7: 637 daAuts
     D:4: 617 daAuts
     D:8: 445 daAuts
     D:2: 221 daAuts
     D:9: 205 daAuts
